 Dungeon Crawl Stone Soup version 0.17-a0-2064-g265a032 (webtiles) character file.

3525 Shim the Nimble (level 10, 0/74 HPs)
             Began as a Human Gladiator on Oct 12, 2015.
             Was a Believer of Okawaru.
             Slain by DEFE's ghost (5 damage)
             ... on level 8 of the Dungeon.
             The game lasted 00:58:26 (12769 turns).

Shim the Nimble (Human Gladiator)                  Turns: 12769, Time: 00:58:26

Health: 0/74       AC: 12    Str: 22    XL:     10   Next: 29%
Magic:  16/16      EV: 12    Int: 12    God:    Okawaru [**....]
Gold:   426        SH:  0    Dex: 16    Spells: 0 memorised, 17 levels left

rFire  . . .     SeeInvis +     X - +1 flail "With Two Names" {vamp, +Blink rElec Int+2} (curse)
rCold  . . .     Clarity  .     b - +0 leather armour
rNeg   . . .     SustAt   .     (no shield)
rPois  .         Gourm    .     w - +1 helmet
rElec  +         Spirit   .     K - +1 cloak of Space {*Confuse rElec Str+7 SInv}
rCorr  .         Warding  .     (no gloves)
rMut   .         Stasis   .     o - +0 pair of boots
MR     .....                    Z - amulet of faith
Stlth  ++++......               p - +3 ring of protection
                                n - ring "Keraf" {Wiz Stlth+}

@: not resistant to hostile enchantments, stealthy
A: no striking features
a: Heroism, Renounce Religion, Evoke Blink


You were on level 8 of the Dungeon.
You worshipped Okawaru.
Okawaru was pleased with you.
You were not hungry.

You visited 2 branches of the dungeon, and saw 9 of its levels.

You collected 426 gold pieces.

Inventory:

Hand Weapons
 a - a +0 war axe
 O - the +6 short sword "Disestay" {antimagic, rC+ Dex+3}
   (You found it on level 5 of the Dungeon)

   It disrupts the flow of magical energy around spellcasters and certain
   magical creatures (including the wielder).
   It affects your dexterity (+3).
   It protects you from cold.
 X - the cursed +1 flail "With Two Names" (weapon) {vamp, +Blink rElec Int+2}
   (You found it on level 6 of the Dungeon)

   It inflicts no extra harm, but heals its wielder somewhat when it strikes a
   living foe.
   It affects your intelligence (+2).
   It insulates you from electricity.
   It lets you blink.
   It has a curse placed upon it.
Missiles
 V - a tomahawk (quivered)
Armour
 b - a +0 leather armour (worn)
 o - a +0 pair of boots (worn)
 w - a +1 helmet (worn)
 K - the +1 cloak of Space (worn) {*Confuse rElec Str+7 SInv}
   (You found it on level 7 of the Dungeon)

   It affects your strength (+7).
   It insulates you from electricity.
   It lets you see invisible.
   It may confuse you when you take damage.
Jewellery
 d - the amulet "Oniro" {Clar rF- Str+3}
   (You found it on level 7 of the Dungeon)

   [amulet of clarity]

   It provides mental clarity.
   It affects your strength (+3).
   It makes you vulnerable to fire.
 g - a +2 ring of intelligence
 n - the ring "Keraf" (left hand) {Wiz Stlth+}
   (You found it on level 8 of the Dungeon)

   [ring of wizardry]

   It improves your spell success rate.
   It makes you more stealthy.
 p - a +3 ring of protection (right hand)
 t - a +4 ring of intelligence
 z - an uncursed amulet of guardian spirit
 Z - an amulet of faith (around neck)
Wands
 P - a wand of teleportation (1)
Scrolls
 c - 2 scrolls of blinking {unknown}
 h - 3 scrolls of teleportation
 i - 2 scrolls of remove curse
 s - a scroll of recharging {unknown}
 v - 2 scrolls of fear {unknown}
 C - 2 scrolls of amnesia {unknown}
 E - 6 scrolls of magic mapping
 J - a scroll of fog
 L - 2 scrolls of enchant weapon {unknown}
 N - 2 scrolls of random uselessness {unknown}
 U - 2 scrolls of enchant armour {unknown}
Potions
 f - a potion of poison {unknown}
 D - a potion of resistance
 F - a potion of agility
 G - 2 potions of lignification
 H - a potion of heal wounds
 M - a potion of ambrosia
 T - a potion of haste {unknown}
 W - a potion of flight {unknown}
Books
 k - a book of Alchemy

   Spells                             Type                      Level
   a - Sublimation of Blood           Necromancy                   2
   b - Ignite Poison                  Fire/Transmutation/Poison    3
   c - Alistair's Intoxication        Transmutation/Poison         4
   d - Condensation Shield            Ice                          4
   e - Petrify                        Transmutation/Earth          4
   f - Irradiate                      Conjuration/Transmutation    5
 I - a book of Annihilations

   Spells                             Type                      Level
   a - Poison Arrow                   Conjuration/Poison           6
   b - Chain Lightning                Conjuration/Air              8
   c - Lehudib's Crystal Spear        Conjuration/Earth            8
   d - Glaciate                       Conjuration/Ice              9
   e - Fire Storm                     Conjuration/Fire             9
 Y - a Necronomicon

   Spells                             Type                      Level
   a - Haunt                          Necromancy/Summoning         7
   b - Borgnjor's Revivification      Necromancy                   8
   c - Death's Door                   Charms/Necromancy            8
   d - Necromutation                  Transmutation/Necromancy     8
Comestibles
 e - 2 bread rations
 j - 6 chunks of flesh
 l - 9 fruits
 m - 2 meat rations
 x - 2 beef jerkies
 R - a slice of pizza


   Skills:
 + Level 5.4 Fighting
 + Level 2.6 Short Blades
 + Level 5.1(5.3) Axes
 + Level 2.2(3.9) Maces & Flails
 + Level 3.5 Throwing
 + Level 4.2 Armour
 + Level 8.0 Dodging
 * Level 5.8 Stealth
 * Level 4.4 Spellcasting


You had 17 spell levels left.
You didn't know any spells.

Dungeon Overview and Level Annotations

Branches:
Dungeon (8/15)             Temple (1/1) D:7            Lair (0/8) D:8

Altars:
Ashenzari
Cheibriados
Dithmenos
Elyvilon
Fedhas
Gozag
Kikubaaqudgha
Makhleb
Nemelex Xobeh
Okawaru
Qazlal
Ru
Sif Muna
Trog
Vehumet
Xom
Yredelemnul
Zin
The Shining One

Annotations:
D:4 kosy22's ghost, amateur HOFi
D:6 plantmann's ghost, novice SpEn
D:7 Psyche
D:8 DEFE's ghost, novice OpFi


Message History

You sock DEFE's ghost!
DEFE's ghost is moderately damaged.
DEFE's ghost hits you!
You barely miss DEFE's ghost.
DEFE's ghost is moderately damaged.
DEFE's ghost hits you!
You thump DEFE's ghost!
DEFE's ghost is moderately damaged.
DEFE's ghost completely misses you. DEFE's ghost hits you!
You closely miss DEFE's ghost.
DEFE's ghost is moderately damaged.
DEFE's ghost closely misses you. DEFE's ghost closely misses you.
DEFE's ghost hits you!
* * * LOW HITPOINT WARNING * * *
x2 DEFE's ghost says very slowly, "There's no hope."
There is a stone staircase leading up here.
DEFE's ghost hits you!
* * * LOW HITPOINT WARNING * * *
You die...

## #......## .#
##......# .###
###......##
.(.######........#
#.....#..........##
#.......########..#
#...#..## ##.###
#...#..# ##....#
#..%...# ##.@.###
#......## ##.W.##
#........####...##
...........#...##
..##...##..^.###
(###..####...#
..#...# ##..#
.....## #..## ###
#....# #...## ##.#


You could see DEFE's ghost.

Vanquished Creatures
  Pikel (D:5)
  Sigmund (D:5)
  A yak (D:8)
  Menkaure (D:5)
  A hungry ghost (D:8)
  A water moccasin (D:8)
  A sky beast (D:8)
  2 slaves (D:4)
  A black bear (D:6)
  2 ogres
  A phantom (D:8)
  3 centaurs
  2 crocodiles (D:8)
  A giant frog (D:6)
  6 scorpions
  2 crimson imps
  9 hounds
  A giant frog skeleton (D:7)
  A gnoll shaman (D:4)
  Crazy Yiuf (D:3)
  4 orc priests
  5 worker ants
  2 iguanas
  5 orc wizards
  2 worker ant zombies
  15 adders
  9 gnolls
  An adder skeleton (D:5)
  An adder zombie (D:7)
  4 worms
  3 giant geckos
  21 orcs
  4 giant cockroaches
  5 goblins
  4 hobgoblins
  4 quokkas
  4 ball pythons
  7 bats
  6 giant newts
  14 jackals
  9 kobolds
  2 rats
170 creatures vanquished.

Notes
Turn   | Place    | Note
--------------------------------------------------------------
     0 | D:1      | Shim the Human Gladiator began the quest for the Orb.
     0 | D:1      | Reached XP level 1. HP: 16/16 MP: 1/1
   446 | D:1      | Reached XP level 2. HP: 22/22 MP: 2/2
   886 | D:2      | Reached XP level 3. HP: 6/27 MP: 3/3
  1098 | D:2      | Reached skill level 1 in Armour
  1234 | D:2      | Reached skill level 1 in Stealth
  1334 | D:2      | Reached XP level 4. HP: 34/34 MP: 4/4
  1950 | D:3      | Noticed Crazy Yiuf
  1957 | D:3      | Killed Crazy Yiuf
  2005 | D:3      | Reached XP level 5. HP: 33/39 MP: 5/5
  2507 | D:3      | Reached XP level 6. HP: 46/46 MP: 6/6
  2969 | D:3      | Reached skill level 4 in Dodging
  3288 | D:4      | Noticed kosy22's ghost (amateur HOFi)
  3729 | D:4      | Reached XP level 7. HP: 48/52 MP: 7/7
  4273 | D:4      | Found a radiant altar of Vehumet.
  4273 | D:4      | Found a basalt altar of Yredelemnul.
  4280 | D:4      | Found a snail-covered altar of Cheibriados.
  4963 | D:5      | Entered Level 5 of the Dungeon
  5130 | D:5      | Noticed Menkaure
  5144 | D:5      | Killed Menkaure
  5144 | D:5      | Reached skill level 1 in Spellcasting
  5144 | D:5      | Reached XP level 8. HP: 31/59 MP: 4/9
  5397 | D:5      | Reached skill level 5 in Dodging
  5476 | D:5      | Noticed Sigmund
  5534 | D:5      | Found a blossoming altar of Fedhas.
  5542 | D:5      | Noticed Pikel
  5542 | D:5      | Got an iridescent short sword
  5824 | D:4      | Identified the +6 short sword "Disestay" {antimagic, rC+ Dex+3} (You found it on level 5 of the Dungeon)
  6282 | D:4      | Reached skill level 5 in Axes
  7317 | D:5      | Killed Sigmund
  7317 | D:5      | Reached skill level 1 in Short Blades
  7531 | D:5      | Killed Pikel
  7531 | D:5      | Reached skill level 6 in Dodging
  7531 | D:5      | Reached XP level 9. HP: 29/65 MP: 2/13
  7823 | D:6      | Noticed plantmann's ghost (novice SpEn)
  9829 | D:6      | Reached skill level 7 in Dodging
  9860 | D:6      | Got a crude flail
  9890 | D:6      | Identified the cursed +1 flail "With Two Names" {vamp, +Blink rElec Int+2} (You found it on level 6 of the Dungeon)
 10381 | D:7      | Got an ancient cloak
 10392 | D:7      | Identified the +1 cloak of Space {*Confuse rElec Str+7 SInv} (You found it on level 7 of the Dungeon)
 10526 | D:7      | Found a staircase to the Ecumenical Temple.
 10531 | Temple   | Entered the Ecumenical Temple
 10550 | Temple   | Became a worshipper of Warmaster Okawaru
 10659 | D:7      | Reached skill level 5 in Stealth
 10731 | D:7      | Found a shattered altar of Ashenzari.
 10735 | D:7      | Found a white marble altar of Elyvilon.
 10767 | D:7      | Found a stormy altar of Qazlal.
 10811 | D:7      | Got a sparkling bone amulet
 10812 | D:7      | Identified the amulet "Oniro" {Clar rF- Str+3} (You found it on level 7 of the Dungeon)
 11359 | D:8      | Reached * piety under Okawaru
 11359 | D:8      | Reached skill level 5 in Fighting
 11392 | D:8      | Noticed DEFE's ghost (novice OpFi)
 11443 | D:8      | Noticed Psyche
 11874 | D:8      | Reached XP level 10. HP: 57/74 MP: 15/15
 11947 | D:8      | Reached skill level 1 in Maces & Flails
 12479 | D:8      | Got a coiled turquoise ring
 12481 | D:8      | Identified the ring "Keraf" {Wiz Stlth+} (You found it on level 8 of the Dungeon)
 12527 | D:8      | Found a staircase to the Lair.
 12629 | D:8      | Reached ** piety under Okawaru
 12629 | D:8      | Reached skill level 8 in Dodging
 12769 | D:8      | Slain by DEFE's ghost

Vault maps used:
D:1:      minmay_arrival_checkered_box
D:2:      minmay_door_square, minmay_misc_feat_rugged
D:3:      uniq_crazy_yiuf_cottage
D:4:      minitemple, first_bread, st_stairs_4, serial_bayou_pond_b,
          wad_floor_pattern_untrapped
D:5:      basic_altar, uniq_sigmund, uniq_pikel, uniq_menkaure
D:6:      minivault_22, kennysheep_generic_room_11
D:7:      minmay_overflow_temple_star_quad, temple_doors_d
D:8:      minmay_statue_hallways, david_lair_generic, uniq_psyche
Temple:   circular_temple_13

Action                   |  1- 3 |  4- 6 |  7- 9 | 10-12 || total
-------------------------+-------+-------+-------+-------++-------
Melee: War axe           |    72 |   187 |   140 |       ||   399
       Short sword       |       |       |   341 |       ||   341
       Flail             |       |       |    76 |   113 ||   189
Throw: Stone             |    12 |    54 |    13 |       ||    79
       Throwing net      |       |       |    10 |       ||    10
       Tomahawk          |       |       |    19 |     4 ||    23
  Use: Scroll            |     2 |       |    13 |       ||    15
       Potion            |     1 |       |     4 |       ||     5
 Stab: Sleeping          |     1 |     1 |     8 |       ||    10
       Held in net/web   |       |       |     3 |       ||     3
       Distracted        |       |       |     1 |       ||     1
  Eat: Chunk             |     1 |     8 |     9 |     4 ||    22
       Meat ration       |       |       |     1 |     1 ||     2
       Bread ration      |       |       |     4 |       ||     4
